 Dungeon Crawl Stone Soup version 0.30-a0-748-ge6a52f7cba (webtiles) character file.

Game seed: 4288276318909930004

104 sircluck the Shooter (level 4, 0/23 HPs)
             Began as a Spriggan Hunter on Feb 8, 2023.
             Slain by a hobgoblin (3 damage)
             ... on level 3 of the Dungeon.
             The game lasted 00:03:18 (2132 turns).

sircluck the Shooter (Spriggan Hunter)              Turns: 2132, Time: 00:03:19

Health: 0/23       AC:  2    Str:  7    XL:     4   Next: 52%
Magic:  5/5        EV: 18    Int: 10    God:
Gold:   131        SH:  0    Dex: 20    Spells: 3/3 levels left

rFire   . . .      SeeInvis +    a - +0 shortbow
rCold   . . .      Faith    .    (shield currently unavailable)
rNeg    . . .      Spirit   .    c - +0 robe
rPois   .          Reflect  .    (helmet restricted)
rElec   .          Harm     .    (no cloak)
rCorr   .          Rampage  .    (gloves unavailable)
Will    .....                    (boots unavailable)
Stlth   ++                       (no amulet)
HPRegen 0.23/turn                (no ring)
MPRegen 0.09/turn                (no ring)

@: very quick
A: very small, no large weapons, unfitting armour, see invisible, speed 3
a: no special abilities


You were on level 3 of the Dungeon.
You visited 1 branch of the dungeon, and saw 3 of its levels.

You collected 131 gold pieces.

Inventory:

Hand Weapons
 a - a +0 shortbow (weapon)
Missiles
 n - 5 boomerangs
 r - 3 boomerangs of dispersal (quivered)
Armour
 c - a +0 robe (worn)
Scrolls
 b - a scroll of immolation
 d - a scroll of poison {unknown}
 f - a scroll of noise {unknown}
 i - a scroll of enchant weapon {unknown}
 j - 3 scrolls of teleportation {unknown}
 l - 2 scrolls of enchant armour {unknown}
 m - a scroll of identify {unknown}
 o - a scroll of silence {unknown}
 p - a scroll of blinking {unknown}
 q - a scroll of magic mapping {unknown}
Potions
 e - 2 potions of lignification {unknown}
 g - a potion of might {unknown}
 h - a potion of resistance {unknown}
 k - 4 potions of haste {unknown}


   Skills:
 + Level 2.0 Fighting
 + Level 5.7 Ranged Weapons
 + Level 2.8 Dodging
 + Level 1.7 Stealth


You had 3 spell levels left.
You didn't know any spells.
Your spell library was empty.

Dungeon Overview and Level Annotations

Branches:
Dungeon (3/15)

Altars:
The Shining One


Innate Abilities, Weirdness & Mutations

You are very small and have problems with some larger weapons.
You are too small for most types of armour.
You have supernaturally acute eyesight. (SInv)
You cover ground extremely quickly. (Speed+++)


Message History

The adder closely misses you.
You are too injured to fight recklessly!
You are too injured to fight recklessly!
You are too injured to fight recklessly!
You are too injured to fight recklessly!
You are too injured to fight recklessly!
You are too injured to fight recklessly!
You are too injured to fight recklessly!
You are too injured to fight recklessly!
You are too injured to fight recklessly!
You are too injured to fight recklessly!
You are too injured to fight recklessly!
You are too injured to fight recklessly!
You are too injured to fight recklessly!
Throw: 4 boomerangs (disperse)
Press: ? - help, Q - select action, (/) - cycle Shift-Dir - straight line, f/p - adder
Aim: an adder (almost dead, 44% to hit)
You throw a boomerang of dispersal.
The boomerang of dispersal hits the adder.
The adder blinks!
You feel a bit more experienced.
You feel sick. The hobgoblin closely misses you. The hobgoblin misses you.
Your Fighting skill increases to level 2!
You see here a +0 club.
You feel sick. The hobgoblin misses you.
You see here a +0 dagger.
You shoot an arrow. The arrow closely misses the hobgoblin.
You feel sick. The hobgoblin barely misses you.
You shoot an arrow. The arrow hits the hobgoblin.
The hobgoblin is severely wounded.
You feel sick. The hobgoblin closely misses you.
You shoot an arrow. The arrow closely misses the hobgoblin.
You feel sick.
You are no longer poisoned.
The hobgoblin completely misses you.
A gnoll comes into view. It is wielding a +0 spear.
You are too injured to fight recklessly!
You shoot an arrow. The arrow closely misses the hobgoblin.
The hobgoblin hits you.
* * * LOW HITPOINT WARNING * * *
The hobgoblin hits you.
You die...

+.....####...#..# ..
#.....'..........
...#####...#.#.........#
#'.....+##..#...#.#####
#.#..! #.###.####
#.....###..##.#
#...#...#.##.#
#.).#...##.#
##@g######.# #........#
#.# #.#.#.#...# #.#
##.....# #.# ##g..##
.#.## .... # .#


You could see a gnoll and a hobgoblin.

Vanquished Creatures
  A gnoll (D:3)
  4 adders
  A worm (D:2)
  2 dart slugs (D:1)
  2 orcs (D:3)
  4 ball pythons
  2 endoplasms
  4 giant cockroaches
  4 hobgoblins
  3 jackals (D:2)
  3 quokkas
  4 bats
  A frilled lizard (D:2)
  8 goblins
  3 rats
46 creatures vanquished.

Notes
Turn   | Place    | Note
-------+----------+-------------------------------------------
     0 | D:1      | sircluck the Spriggan Hunter began the quest for the Orb.
     0 | D:1      | Reached XP level 1. HP: 10/10 MP: 2/2
   228 | D:1      | Reached XP level 2. HP: 14/14 MP: 3/3
   754 | D:1      | Found a faded altar of an unknown god.
  1155 | D:2      | Reached XP level 3. HP: 18/18 MP: 4/4
  1165 | D:2      | Reached skill level 5 in Ranged Weapons
  1253 | D:2      | Found a glowing golden altar of the Shining One.
  2027 | D:3      | Reached XP level 4. HP: 18/23 MP: 5/5
  2132 | D:3      | Slain by a hobgoblin

Illustrated notes

Levels and vault maps discovered:
D:1:      dpeg_arrival_pond, layout_basic, shapermc_ecumenical_altar_notcrosses
D:2:      layout_basic, basic_altar
D:3:      layout_loops_corners, minmay_overflow_temple_star_quad,
          minmay_fractal_squares_diagonal_5

Skill      XL: |  1  2  3  4 |
---------------+-------------+-----
Ranged Weapons | 5 |  5.7
Fighting       | 2 |  2.0
Dodging        | |  2.8
Stealth        | |  1.7

Action                     |  1- 3 |  4- 6 || total
---------------------------+-------+-------++-------
   Fire: Shortbow          |    90 |    32 ||   122
  Throw: Boomerang         |       |     1 ||     1
 Armour: Robe              |     1 |     2 ||     3
  Dodge: Dodged            |    39 |    28 ||    67

Table legend: (Time is in decaauts)
 A = Elapsed time spent in this place.
 B = Non-inter-level travel time spent in this place.
 C = Inter-level travel time spent in this place.
 D = Time resting spent in this place.
 E = Time spent auto-exploring this place.
 F = Levels seen in this place.
 G = Mean time per level.
                   A        B        C        D        E       F      G
               +--------+--------+--------+--------+--------+-----+--------+
         Total |   1396 |   1258 |    138 |      0 |    958 |   3 |  465.3 |
       Dungeon |   1396 |   1258 |    138 |      0 |    958 |   3 |  465.3 |
               +--------+--------+--------+--------+--------+-----+--------+

Top non-repeatable levels by time:
     D:1: 689 daAuts
     D:2: 609 daAuts
     D:3: 97 daAuts
